 Dungeon Crawl Stone Soup version 0.20.1-1-g8b1a95d (webtiles) character file.

435649 NoNouf the Warrior (level 25, -6/197 HPs)
             Began as a Human Skald on Aug 21, 2017.
             Was a Follower of the Shining One.
             Killed from afar by a fire giant (40 damage)
             ... with a fireball
             ... created by the fury of Okawaru
             ... on level 15 of the Dungeon on Aug 27, 2017.
             The game lasted 09:54:28 (74819 turns).

NoNouf the Warrior (Human Skald)                   Turns: 74819, Time: 09:54:29

Health: -6/197     AC: 37    Str: 19    XL:     25   Next: 17%
Magic:  35/35      EV: 19    Int: 18    God:    the Shining One [*.....]
Gold:   2910       SH: 22    Dex: 22    Spells: 24/41 levels left

rFire    . . .     SeeInvis .   T - +8 hunting sling "Tormentor" {speed, Dex+2}
rCold    + + .     Gourm    .   i - +1 shield {rPois}
rNeg     . . .     Faith    .   b - +3 storm dragon scales {Bai Suzhen}
rPois    +         Spirit   .   X - +2 helmet
rElec    +         Reflect  +   c - +2 cloak {rC+}
rCorr    .         Harm     .   g - +2 pair of gloves
MR       +....                  J - +2 pair of boots {run}
Stlth    ..........             v - +6 amulet of reflection
Regen    0.5/turn               h - ring of protection from cold
MPRegen  0.3/turn               z - +5 ring of strength

@: berserk cooldown, slowed, glowing, very slow
A: claws 1, yellow scales 1, clever 1
}: 2/15 runes: decaying, serpentine
a: Renounce Religion


You were on level 15 of the Dungeon.
You worshipped the Shining One.
The Shining One was aware of your devotion.
You were hungry.

You visited 9 branches of the dungeon, and saw 40 of its levels.
You also visited: Ossuary, Ice Cave and Wizlab.

You collected 4765 gold pieces.
You spent 1855 gold pieces at shops.

Inventory:

Hand Weapons
 T - the +8 hunting sling "Tormentor" (weapon) {speed, Dex+2}
   (Okawaru gifted it to you on level 2 of the Orcish Mines)

   Attacks with this weapon are significantly faster.
   It affects your dexterity (+2).
 Z - the +10 dagger of the Old World {protect, *Rage +Inv rPois SInv}
   (You found it on level 6 of the Lair of Beasts)

   It protects the one who uses it against injury (+AC on strike).
   It protects you from poison.
   It lets you see invisible.
   It lets you turn invisible.
   It may make you go berserk in combat.
Missiles
 B - 110 sling bullets
 Q - 254 stones (quivered)
Armour
 b - +3 storm dragon scales (worn) {Bai Suzhen}
 c - a +2 cloak of cold resistance (worn)
 g - a +2 pair of gloves (worn)
 i - a +1 shield of poison resistance (worn)
 J - a +2 pair of boots of running (worn)
 P - a +2 robe of positive energy
 W - the +3 ring mail "Jojiwk" {rF+ MR+ Dex+2}
   (You found it on level 2 of the Vaults)

   It affects your dexterity (+2).
   It protects you from fire.
   It affects your resistance to hostile enchantments.
 X - a +2 helmet (worn)
Jewellery
 a - an uncursed ring of flight
 e - an uncursed ring of fire
 h - a ring of protection from cold (left hand)
 u - an uncursed amulet of guardian spirit
 v - a +6 amulet of reflection (around neck)
 y - an uncursed ring of protection from cold
 z - a +5 ring of strength (right hand)
 C - an uncursed ring of protection from magic {unknown}
 U - an uncursed ring of positive energy
 V - an uncursed ring of protection from fire
Wands
 k - a wand of lightning (5/15)
 r - a wand of polymorph (8/24)
 t - a wand of disintegration (10/24)
 A - a wand of digging (15/24)
 D - a wand of enslavement (12/24)
 I - a wand of digging (7/24)
 L - a wand of digging (11/24)
 O - a wand of acid (11/15)
Scrolls
 j - a scroll of identify
 s - 12 scrolls of remove curse
 x - 3 scrolls of fear
 F - a scroll of enchant armour
 G - 10 scrolls of teleportation
 H - 2 scrolls of summoning
 K - a scroll of fog
Potions
 n - a potion of resistance
 o - 6 potions of curing
 q - 2 potions of haste
 w - 4 potions of might
 E - 10 potions of mutation
Miscellaneous
 m - a fan of gales
Comestibles
 d - 23 bread rations
 f - 8 royal jellies
 l - 17 meat rations


   Skills:
 - Level 16.2 Fighting
 - Level 5.2(5.4) Short Blades
   Level 2.0(3.8) Long Blades
 - Level 16.2 Slings
 - Level 16.0 Armour
 - Level 15.0 Dodging
 - Level 15.0 Shields
 - Level 8.5 Spellcasting
 - Level 10.0 Charms
 - Level 5.0 Necromancy
 - Level 9.5 Air Magic
 + Level 10.3 Invocations
 - Level 10.0 Evocations


You had 24 spell levels left.
You knew the following spells:

 Your Spells              Type           Power        Failure   Level  Hunger
a - Regeneration          Chrm/Necr      ####......   7%          3    None
b - Song of Slaying       Chrm           #####...     1%          2    None
c - Apportation           Tloc           #.....       45%         1    None
d - Deflect Missiles      Chrm/Air       #####.....   80%         6    ######.
e - Aura of Abjuration    Summ           #.........   100%        5    #####..


Dungeon Overview and Level Annotations

Branches:
Dungeon (15/15)            Temple (1/1) D:7            Lair (6/6) D:10
  Swamp (4/4) Lair:4        Snake (4/4) Lair:4        Slime (0/5) Lair:6
    Orc (2/2) D:12            Elf (2/3) Orc:2        Vaults (4/5) D:13
  Crypt (0/3) Vaults:2     Depths (2/5) D:15

Altars:
Ashenzari
Cheibriados
Dithmenos
Elyvilon
Fedhas
Gozag
Hepliaklqana
Kikubaaqudgha
Makhleb
Nemelex Xobeh
Okawaru
Qazlal
Ru
Sif Muna
Trog
Uskayaw
Vehumet
Xom
Yredelemnul
Zin
The Shining One
Beogh

Shops:
D:6 *   D:14 *   Orc:2 !=?=?   Snake:2 %%   Vaults:2 *   Vaults:3 :
Vaults:4 ![*}

Portals:
Hell: Depths:2
Pandemonium: Depths:1


Innate Abilities, Weirdness & Mutations

You have sharp fingernails.
You are partially covered in yellow scales. (AC +2)
Your mind is acute. (Int +2)


Message History

Firing (i - inventory. (,) - cycle):
Q - 257 stones (quivered)
Press: ? - help, Shift-Dir - straight line, f/p - fire giant
Aim: a fire giant, wielding a great sword of flaming (moderately wounded, durably summoned)
You shoot a stone. The stone hits the fire giant!
The fire giant is heavily wounded.
Firing (i - inventory. (,) - cycle):
Q - 256 stones (quivered)
Press: ? - help, Shift-Dir - straight line, f/p - fire giant
Aim: a fire giant, wielding a great sword of flaming (heavily wounded, durably summoned)
You shoot a stone. The stone barely misses the fire giant.
The fire giant casts a spell at you.
The fireball explodes!
The fireball engulfs you!
* * * LOW HITPOINT WARNING * * *
Firing (i - inventory. (,) - cycle):
Q - 255 stones (quivered)
Press: ? - help, Shift-Dir - straight line, f/p - fire giant
Aim: a fire giant, wielding a great sword of flaming (heavily wounded, durably summoned)
You shoot a stone. The stone hits the fire giant!
The fire giant is severely wounded.
The fire giant points at you and mumbles some strange words.
The fireball explodes!
The fireball engulfs you!
You die...

#########........##..##
#.......#.##..####....#
#.#####.#.##..#.'......
#.##............##....#
#.##.##.#.##..#.###..##
#..<..(.#.##[.#.[.#####
####..C##..........####
###(#############.#.
#@# #.## #.# #.## #.#
##########.##
##.####....[##.....
#.......[...##.....
#..####............
#..####.....##.....
#....##.....##.....
#.##.##.#######....


You could see a fire giant.

Vanquished Creatures
  Boris (Vaults:3)
  Bai Suzhen (Vaults:3)
  A tentacled monstrosity (Swamp:4)
  Jorgrun (Depths:1)
  A deep elf blademaster (Depths:1)
  Gastronok (D:9)
  2 titans
  A sphinx (Vaults:4)
  3 tengu reavers
  A thorn hunter (Swamp:1)
  Donald (Vaults:2)
  The ghost of ThereIsNoGod the Gelid, an adept DrIE of Sif Muna (Snake:3)
  A storm dragon (D:11)
  8 nagarajas
  4 fire giants
  10 vault wardens
  2 deep elf sorcerers
  4 frost giants
  Aizul (Elf:2)
  An orc warlord (D:12)
  14 ironheart preservers
  4 very ugly things
  8 stone giants
  A vampire knight (Depths:1)
  Nessos (Lair:4)
  3 deep elf demonologists
  6 dire elephants (Lair:6)
  2 deep elf annihilators
  A white draconian (IceCv)
  9 purple draconians (WizLab)
  The ghost of ThereIsNoGod the Thaumaturge, a journeyman SpEE of Vehumet (Lair:5)
  Snorg (D:14)
  7 ettins
  3 deep elf death magi
  9 statues (WizLab)
  2 green deaths (Swamp:4)
  A great orb of eyes (shapeshifter) (Depths:1)
  6 yaktaur captains
  9 fire dragons
  7 ice dragons
  4 great orbs of eyes
  A deep elf high priest (Elf:1)
  Fannar (D:12)
  19 vault guards
  14 hydras
  2 rakshasas
  A catoblepas (D:15)
  18 naga warriors
  20 two-headed ogres
  3 death knights
  2 ghost crabs
  13 anacondas
  6 alligators
  15 centaur warriors
  Erica (D:8)
  5 dancing weapons (Elf:1)
  A thrashing horror (Swamp:4)
  A tengu warrior (D:13)
  7 ogre magi
  3 orc high priests (Orc:2)
  A vampire mage (Depths:1)
  2 deep troll shamans
  5 deep troll earth magi
  7 shock serpents
  Urug (D:11)
  17 naga sharpshooters
  9 deep elf knights
  Sonja (Lair:3)
  5 salamander mystics
  10 skeletal warriors
  An iron troll (Depths:1)
  A shadow wraith (Vaults:2)
  17 deep trolls
  An unseen horror (Vaults:1)
  4 wizards
  8 swamp dragons
  A shambling mangrove (Swamp:3)
  5 glowing orange brains
  A flayed ghost (Vaults:1)
  6 phantasmal warriors
  Pikel (D:7)
  The ghost of dscm the Cleaver, a novice GrGl of Uskayaw (D:8)
  18 ironbrand convokers
  10 naga ritualists
  A spriggan druid (Swamp:3)
  18 orc knights
  17 deep elf archers
  5 harpies
  41 ugly things
  The ghost of TotoDurand the Traitor, a novice DsGl of Yredelemnul (D:7)
  8 mana vipers
  A mana viper (shapeshifter) (Elf:1)
  5 wolf spiders
  8 orc sorcerers
  57 deep elf magi
  10 cyclopes
  A large abomination (Swamp:4)
  2 tengu skeletons (Vaults:2)
  A manticore (D:11)
  2 salamanders (shapeshifter)
  20 salamanders
  2 human skeletons (Vaults:2)
  Joseph (D:7)
  4 guardian serpents
  44 black mambas
  24 naga magi
  19 elephants
  Psyche (D:8)
  2 ice statues (IceCv)
  2 orange demons (Swamp:4)
  14 vault sentinels
  5 centaur skeletons
  2 gargoyles
  3 kobold demonologists (D:13)
  10 komodo dragons
  19 spiny frogs
  A rime drake (shapeshifter) (D:15)
  28 yaktaurs
  2 yaktaur skeletons (Vaults:2)
  A rime drake (Lair:1)
  A tengu conjurer (Depths:1)
  7 freezing wraiths
  4 meliai
  14 trolls
  2 trolls (shapeshifter)
  A jumping spider (shapeshifter) (D:15)
  6 tyrant leeches
  4 hornets
  15 polar bears
  A meliai (shapeshifter) (Vaults:1)
  32 slime creatures
  9 bog bodies
  4 dream sheep (Lair:6)
  A snapping turtle (shapeshifter) (Vaults:1)
  6 hippogriffs
  18 blink frogs
  A dream sheep (shapeshifter) (Depths:1)
  A centaur simulacrum (D:12)
  A water elemental (Elf:1)
  3 air elementals
  2 ettin skeletons (Vaults:2)
  3 spriggans
  3 wraiths
  4 wyverns
  A yak (shapeshifter) (Vaults:2)
  4 shadows
  4 fire elementals (Elf:1)
  61 yaks
  3 basilisks
  21 humans (D:13)
  Eustachio (D:4)
  A basilisk (shapeshifter) (D:15)
  Grum (D:8)
  17 vampire mosquitoes
  3 hungry ghosts
  14 insubstantial wisps
  47 nagas
  12 swamp worms
  2 acid dragons
  15 water moccasins
  17 wargs
  2 soldier ants
  5 porcupines
  Duvessa (D:5)
  7 swamp drakes
  48 orc warriors
  A sky beast (D:10)
  2 necrophages
  A slave (D:7)
  6 ice beasts
  A black bear (Lair:1)
  4 phantoms
  26 wolves
  7 boggarts
  A boggart (shapeshifter) (Vaults:2)
  34 ogres
  25 centaurs
  14 crocodiles
  An orc skeleton (Vaults:2)
  3 big kobolds
  13 bullfrogs
  Dowan (D:5)
  A scorpion (D:9)
  8 killer bees
  6 wights
  6 electric eels
  3 centaur zombies
  8 crimson imps
  A bullfrog zombie (D:6)
  3 quasits
  11 hounds
  8 jellies
  17 orc priests
  3 gnoll shamans (D:8)
  2 bullfrog skeletons
  5 iguanas
  Ijyb (D:5)
  30 orc wizards
  7 worker ants
  6 hell rats (Lair:3)
  A killer bee zombie (D:6)
  A big kobold zombie (Ossuary)
  Robin (D:1)
  8 mummies (Ossuary)
  17 gnolls
  A worker ant zombie (D:5)
  15 adders
  4 shadow imps
  12 white imps (Lair:6)
  5 oozes
  An adder zombie (D:5)
  4 adder skeletons
  5 worms
  A dart slug (D:3)
  9 leopard geckos
  104 orcs
  2 ball pythons
  7 bats
  9 giant cockroaches
  14 goblins
  11 hobgoblins
  13 jackals
  6 quokkas
  4 frilled lizards
  4 hobgoblin zombies (Ossuary)
  19 kobolds
  3 orc zombies (Ossuary)
  A quokka skeleton (D:5)
  A quokka zombie (D:5)
  8 rats
  A fungus (Lair:6)
  2 plants
1783 creatures vanquished.

Vanquished Creatures (others)
  2 fire giants
  An ogre mage (Vaults:4)
  A deep troll earth mage (Depths:1)
  An unseen horror (Vaults:1)
  An orc knight (Vaults:2)
  A deep elf mage (WizLab)
  An ugly thing (Vaults:3)
  2 yaktaurs
  An orc warrior (Vaults:1)
  2 slaves (D:7)
  A centaur (Vaults:4)
  An orc priest (Orc:2)
  A bullfrog skeleton (D:7)
  A briar patch (Swamp:1)
  26 fungi
  28 plants
71 creatures vanquished.

Grand Total: 1854 creatures vanquished

Notes
Turn   | Place    | Note
-------+----------+-------------------------------------------
     0 | D:1      | NoNouf the Human Skald began the quest for the Orb.
     0 | D:1      | Reached XP level 1. HP: 16/16 MP: 3/3
   190 | D:1      | Reached XP level 2. HP: 15/23 MP: 0/5
   471 | D:1      | Reached XP level 3. HP: 27/28 MP: 6/6
   776 | D:2      | Found a faded altar of an unknown god.
   929 | D:2      | Reached XP level 4. HP: 21/35 MP: 2/7
  1286 | D:2      | Noticed Robin
  1329 | D:1      | Killed Robin
  1329 | D:1      | Reached skill level 1 in Slings
  1774 | D:2      | Reached XP level 5. HP: 37/41 MP: 5/8
  2693 | D:3      | Reached XP level 6. HP: 44/47 MP: 9/9
  3062 | D:3      | Learned a level 2 spell: Song of Slaying
  3197 | D:4      | Noticed Eustachio
  3233 | D:4      | Killed Eustachio
  3233 | D:4      | Reached skill level 5 in Armour
  3233 | D:4      | Reached XP level 7. HP: 32/52 MP: 10/10
  3417 | D:4      | Reached skill level 1 in Shields
  3420 | D:4      | Found an opulent altar of Gozag.
  4237 | D:5      | Entered Level 5 of the Dungeon
  4320 | D:5      | Reached XP level 8. HP: 42/58 MP: 11/11
  4630 | D:5      | Reached skill level 5 in Shields
  4800 | D:5      | Noticed Ijyb
  4879 | D:5      | Killed Ijyb
  4952 | D:5      | Noticed Dowan
  4953 | D:5      | Noticed Duvessa
  5595 | D:5      | Killed Dowan
  5600 | D:5      | Killed Duvessa
  6185 | D:6      | Found a sand-covered staircase.
  6191 | Ossuary  | Entered an ossuary
  6245 | Ossuary  | Reached skill level 5 in Charms
  6668 | D:6      | Found a blossoming altar of Fedhas.
  6698 | D:6      | Reached XP level 9. HP: 42/64 MP: 9/12
  7672 | D:6      | Reached skill level 5 in Slings
  8230 | D:6      | Found Touth's Assorted Antiques.
  8235 | D:6      | Bought a scorched hunting sling for 201 gold pieces
  8235 | D:6      | Bought a glowing helmet for 232 gold pieces
  8245 | D:6      | Identified the cursed +1 hunting sling of Law {freeze, rN++ Int+3 SInv} (You bought it in a shop on level 6 of the Dungeon)
  8776 | D:7      | Found a glowing golden altar of the Shining One.
  8776 | D:7      | Found a snail-covered altar of Cheibriados.
  8776 | D:7      | Found a shadowy altar of Dithmenos.
  8943 | D:7      | Noticed Pikel
  8964 | D:7      | Killed Pikel
  8964 | D:7      | Reached XP level 10. HP: 54/70 MP: 13/13
  9233 | D:7      | Noticed Joseph
  9295 | D:7      | Killed Joseph
  9662 | D:7      | Noticed TotoDurand's ghost (novice DsGl)
  9675 | D:7      | Killed TotoDurand's ghost
 10017 | D:7      | Found a staircase to the Ecumenical Temple.
 10023 | Temple   | Entered the Ecumenical Temple
 10055 | Temple   | Became a worshipper of Warmaster Okawaru
 10326 | D:8      | Noticed Psyche
 10337 | D:8      | Killed Psyche
 10471 | D:8      | Noticed Erica
 10493 | D:8      | Killed Erica
 10493 | D:8      | Reached * piety under Okawaru
 10493 | D:8      | Reached ** piety under Okawaru
 10493 | D:8      | Reached skill level 5 in Spellcasting
 10578 | D:8      | Reached XP level 11. HP: 52/75 MP: 16/19
 10879 | D:8      | Learned a level 3 spell: Regeneration
 11078 | D:8      | Noticed Grum
 11312 | D:9      | Noticed Gastronok
 11362 | D:9      | Killed Gastronok
 11362 | D:9      | Reached *** piety under Okawaru
 11362 | D:9      | Received a gift from Okawaru
 11362 | D:9      | Reached **** piety under Okawaru
 12073 | D:10     | Entered Level 10 of the Dungeon
 12492 | D:10     | Found a staircase to the Lair.
 12845 | D:10     | Noticed a two-headed ogre
 12875 | D:10     | Killed a two-headed ogre
 12875 | D:10     | Received a gift from Okawaru
 12894 | D:10     | Reached skill level 5 in Fighting
 13621 | Lair:1   | Entered Level 1 of the Lair of Beasts
 14221 | Lair:1   | Identified a scroll of acquirement
 14311 | Lair:1   | Reached skill level 1 in Invocations
 14341 | Lair:1   | Reached XP level 12. HP: 74/88 MP: 20/20
 14752 | Lair:1   | Reached ***** piety under Okawaru
 16310 | Lair:2   | Got a dazzling ring mail
 16321 | Lair:2   | Identified the +0 ring mail of the Ward {Int+5} (You found it on level 2 of the Lair of Beasts)
 16854 | Lair:3   | Received a gift from Okawaru
 17002 | Lair:3   | Got a translucent ring mail
 17017 | Lair:3   | Identified the cursed +1 ring mail of Agoraphobia {rPois rC+ Str-4 Int+2} (You found it on level 3 of the Lair of Beasts)
 17231 | Lair:3   | Received a gift from Okawaru
 17757 | Lair:3   | Noticed Sonja
 18195 | Lair:3   | Killed Sonja
 18195 | Lair:3   | Received a gift from Okawaru
 18393 | Lair:4   | Found a staircase to the Snake Pit.
 18399 | Snake:1  | Entered Level 1 of the Snake Pit
 18469 | Lair:4   | Noticed Nessos
 18541 | Lair:4   | Received a gift from Okawaru
 18545 | Lair:4   | Reached XP level 13. HP: 45/101 MP: 21/21
 18782 | Lair:4   | Received a gift from Okawaru
 19049 | Lair:4   | Reached skill level 10 in Shields
 19629 | Lair:4   | Killed Nessos
 19794 | Lair:4   | Reached skill level 1 in Necromancy
 19798 | Lair:4   | Reached ****** piety under Okawaru
 20362 | Lair:4   | Found a staircase to the Swamp.
 20663 | Lair:5   | Noticed a five-headed hydra
 20668 | Lair:5   | Received a gift from Okawaru
 20686 | Lair:4   | Killed a five-headed hydra
 20740 | Lair:5   | Noticed ThereIsNoGod's ghost (journeyman SpEE)
 21122 | Lair:5   | Noticed a five-headed hydra
 21129 | Lair:5   | Killed a five-headed hydra
 22134 | Lair:5   | Killed ThereIsNoGod's ghost
 22134 | Lair:5   | Received a gift from Okawaru
 22372 | Lair:5   | Reached XP level 14. HP: 71/108 MP: 14/22
 22499 | Lair:5   | Reached skill level 10 in Slings
 22790 | Lair:6   | Entered Level 6 of the Lair of Beasts
 22826 | Lair:6   | Received a gift from Okawaru
 22990 | Lair:6   | Found a staircase to the Slime Pits.
 23112 | Lair:6   | Found a stormy altar of Qazlal.
 23126 | Lair:6   | Reached skill level 10 in Armour
 23245 | Lair:6   | Received a gift from Okawaru
 23249 | Lair:6   | Got an opal-encrusted scale mail {god gift}
 23260 | Lair:6   | Identified the +1 scale mail of Refuge {Str+4 Stlth+} (Okawaru gifted it to you on level 6 of the Lair of Beasts)
 23413 | Lair:6   | Found a frozen archway.
 23460 | IceCv    | Entered an ice cave
 24107 | IceCv    | Noticed a white draconian
 24143 | IceCv    | Killed a white draconian
 24984 | Lair:6   | Noticed a dire elephant
 24984 | Lair:6   | Noticed a dire elephant
 25014 | Lair:6   | Noticed a dire elephant
 25032 | Lair:6   | Killed a dire elephant
 25305 | Lair:6   | Noticed a dire elephant
 25336 | Lair:6   | Killed a dire elephant
 25394 | Lair:6   | Noticed a dire elephant
 25523 | Lair:6   | Killed a dire elephant
 25523 | Lair:6   | Received a gift from Okawaru
 25662 | Lair:6   | Reached XP level 15. HP: 114/114 MP: 21/23
 25753 | Lair:6   | Received a gift from Okawaru
 25758 | Lair:6   | Got a slimy falchion {god gift}
 25759 | Lair:6   | Identified the +5 falchion of the Desert {slice, +Inv rC+ Int+4} (Okawaru gifted it to you on level 6 of the Lair of Beasts)
 26058 | Lair:6   | Got a fine dagger
 26059 | Lair:6   | Identified the +10 dagger of the Old World {protect, *Rage +Inv rPois SInv} (You found it on level 6 of the Lair of Beasts)
 26624 | Lair:6   | Reached skill level 5 in Necromancy
 27358 | D:11     | Found a large runed door.
 27360 | D:11     | Found a large runed door.
 27382 | D:11     | Found a bloodstained altar of Trog.
 27382 | D:11     | Noticed a storm dragon
 27404 | D:11     | Killed a storm dragon
 27569 | D:11     | Found a snail-covered altar of Cheibriados.
 27715 | D:12     | Noticed Urug
 27757 | D:11     | Killed Urug
 28059 | D:12     | Found a roughly hewn altar of Beogh.
 28059 | D:12     | Found a staircase to the Orcish Mines.
 28185 | D:12     | Received a gift from Okawaru
 28530 | D:12     | Received a gift from Okawaru
 28621 | D:12     | Noticed Fannar
 28637 | D:12     | Killed Fannar
 28637 | D:12     | Reached skill level 15 in Shields
 28745 | D:12     | Gained mutation: Your natural rate of healing is unusually fast. [mutagenic meat]
 28746 | D:12     | Gained mutation: You are partially covered in thin metallic scales. (AC +2) [mutagenic meat]
 28747 | D:12     | Gained mutation: You possess an exceptional clarity of mind. [mutagenic meat]
 28748 | D:12     | Gained mutation: You are resistant to electric shocks. (rElec) [mutagenic meat]
 28964 | Orc:1    | Entered Level 1 of the Orcish Mines
 29024 | Orc:1    | Noticed an orc warlord
 29482 | D:12     | Killed an orc warlord
 29701 | Orc:1    | Found a roughly hewn altar of Beogh.
 29876 | Orc:1    | Received a gift from Okawaru
 30334 | Orc:1    | Paralysed by an orc sorcerer for 2 turns
 30434 | Orc:2    | Entered Level 2 of the Orcish Mines
 30479 | Orc:2    | Found Imalacsi's Magic Scroll Boutique.
 30490 | Orc:2    | Bought a scroll of enchant weapon for 112 gold pieces
 30558 | Orc:2    | Reached skill level 10 in Dodging
 30652 | Orc:2    | Noticed a stone giant
 30664 | Orc:2    | Killed a stone giant
 30664 | Orc:2    | Received a gift from Okawaru
 30664 | Orc:2    | Reached XP level 16. HP: 118/120 MP: 22/24
 30859 | Orc:2    | Found a staircase to the Elven Halls.
 31184 | Orc:2    | Received a gift from Okawaru
 31347 | Orc:2    | Got a shimmering hunting sling {god gift}
 31348 | Orc:2    | Identified the +8 hunting sling "Tormentor" {speed, Dex+2} (Okawaru gifted it to you on level 2 of the Orcish Mines)
 31495 | Orc:2    | Found Qabupoor's Jewellery Shop.
 31495 | Orc:2    | Found Soadakhe's Magic Scroll Emporium.
 31499 | Orc:2    | Found Idopn's Jewellery Shop.
 31499 | Orc:2    | Found Ywileth's Distillery.
 31510 | Orc:2    | Bought an uncursed ring of positive energy for 240 gold pieces
 31510 | Orc:2    | Bought an uncursed ring of protection from fire for 300 gold pieces
 31515 | Orc:2    | Bought a scroll of identify for 26 gold pieces
 31515 | Orc:2    | Bought a scroll of identify for 26 gold pieces
 31515 | Orc:2    | Bought a scroll of identify for 26 gold pieces
 31515 | Orc:2    | Bought a scroll of identify for 26 gold pieces
 31937 | D:13     | Reached skill level 10 in Fighting
 32633 | D:13     | Found a gate to the Vaults.
 33362 | D:13     | Received a gift from Okawaru
 33363 | D:13     | Got a scorched scarf {god gift}
 33374 | D:13     | Identified the scarf of the Komtur {rElec SInv} (Okawaru gifted it to you on level 13 of the Dungeon)
 33817 | D:14     | Noticed Snorg
 33836 | D:14     | Killed Snorg
 34482 | D:14     | Found Reoluver's Assorted Antiques.
 34485 | D:14     | Bought a scroll labeled MIOBUM NOSHISI for 29 gold pieces
 34539 | D:15     | Entered Level 15 of the Dungeon
 34756 | D:15     | Found a staircase to the Depths.
 35162 | D:15     | Reached XP level 17. HP: 128/128 MP: 25/25
 35277 | D:15     | Received a gift from Okawaru
 35656 | Depths:1 | Entered Level 1 of the Depths
 36001 | Snake:1  | Received a gift from Okawaru
 36033 | Snake:1  | Identified a +2 pair of boots of running (Okawaru gifted it to you on level 1 of the Snake Pit)
 36964 | Snake:2  | Found Heapsikh's Food Shoppe.
 37097 | Snake:2  | Found Yzynan's Food Shoppe.
 37134 | Snake:2  | Learned a level 1 spell: Apportation
 37141 | Snake:2  | Learned a level 6 spell: Deflect Missiles
 37745 | Snake:2  | Received a gift from Okawaru
 38146 | Snake:2  | Received a gift from Okawaru
 38684 | Snake:3  | Noticed ThereIsNoGod's ghost (adept DrIE)
 38735 | Snake:3  | Killed ThereIsNoGod's ghost
 38758 | Snake:3  | Found a hazy altar of Hepliaklqana.
 38798 | Snake:3  | Received a gift from Okawaru
 38885 | Snake:3  | Reached XP level 18. HP: 129/141 MP: 24/26
 39204 | Snake:3  | Reached skill level 5 in Invocations
 39843 | Snake:4  | Entered Level 4 of the Snake Pit
 40192 | Snake:4  | Received a gift from Okawaru
 41216 | Snake:4  | Reached skill level 10 in Charms
 41656 | Snake:3  | Received a gift from Okawaru
 41955 | Snake:4  | Reached XP level 19. HP: 123/147 MP: 31/31
 42024 | Snake:4  | Reached skill level 1 in Short Blades
 42156 | Snake:4  | Received a gift from Okawaru
 42827 | Snake:4  | Received a gift from Okawaru
 42879 | Snake:4  | Reached skill level 5 in Short Blades
 43481 | Snake:4  | Got a serpentine rune of Zot
 43859 | Vaults:1 | Entered Level 1 of the Vaults
 44034 | Vaults:1 | Gained mutation: You are dopey. (Int -2) [mutagenic meat]
 44036 | Vaults:1 | Gained mutation: You expend magic power (3 MP) to strengthen your wands. [mutagenic meat]
 44047 | Vaults:1 | Found a magical portal.
 44050 | WizLab   | Entered Iskenderun's Mystic Tower
 44180 | WizLab   | Received a gift from Okawaru
 44370 | WizLab   | Received a gift from Okawaru
 44371 | WizLab   | Got an ivory dagger {god gift}
 44372 | WizLab   | Identified the +5 dagger of NoNouf's Purpose {venom, Fragile Str-4 Int+10 Dex+4} (Okawaru gifted it to you in a wizard's laboratory)
 45174 | WizLab   | Identified Iskenderun's Compendium of Combat Magic
 45174 | WizLab   | Identified Iskenderun's Reference Book on Combat Magic
 45677 | Vaults:1 | Received a gift from Okawaru
 45901 | Vaults:1 | Reached skill level 15 in Fighting
 45991 | Vaults:1 | Reached XP level 20. HP: 87/162 MP: 5/32
 46393 | Vaults:1 | Received a gift from Okawaru
 46501 | Vaults:1 | Gained mutation: Scrolls take you a little longer to read. [mutagenic meat]
 46502 | Vaults:1 | Lost mutation: You are dopey. (Int -2) [mutagenic meat]
 46503 | Vaults:1 | Gained mutation: You are agile. (Dex +2) [mutagenic meat]
 47210 | Vaults:1 | Paralysed by a wizard for 3 turns
 48761 | Vaults:2 | Found Lowerche's General Store.
 49259 | Vaults:2 | Received a gift from Okawaru
 49320 | Vaults:2 | Received a gift from Okawaru
 49381 | Vaults:2 | Received a gift from Okawaru
 49445 | Vaults:2 | Gained mutation: Your magical capacity is low. (-10% MP) [mutagenic meat]
 49446 | Vaults:2 | Gained mutation: You have sharp toenails. [mutagenic meat]
 49447 | Vaults:2 | Gained mutation: You are frail. (-10% HP) [mutagenic meat]
 49457 | Vaults:2 | Lost mutation: You are frail. (-10% HP) [mutagenic meat]
 49458 | Vaults:2 | Lost mutation: Scrolls take you a little longer to read. [mutagenic meat]
 49826 | Vaults:2 | Noticed Donald
 49853 | Vaults:2 | Killed Donald
 49967 | Vaults:2 | Reached XP level 21. HP: 131/171 MP: 23/30
 51060 | Vaults:2 | Found a staircase to the Crypt.
 51515 | Vaults:2 | Reached skill level 15 in Dodging
 51559 | Vaults:2 | Received a gift from Okawaru
 51623 | Vaults:2 | Got a jewelled ring mail
 51634 | Vaults:2 | Identified the +3 ring mail "Jojiwk" {rF+ MR+ Dex+2} (You found it on level 2 of the Vaults)
 51788 | Vaults:3 | Got a shimmering hand axe
 51789 | Vaults:3 | Identified the cursed +0 hand axe of Integrity {pain, rN+} (You found it on level 3 of the Vaults)
 51827 | Vaults:3 | Found Cixzirorr's Book Shoppe.
 51870 | Vaults:3 | Noticed Bai Suzhen
 51938 | Vaults:3 | Killed Bai Suzhen
 51976 | Vaults:3 | Received a gift from Okawaru
 52330 | Vaults:3 | Received a gift from Okawaru
 52436 | Vaults:3 | Paralysed by a wizard for 4 turns
 52451 | Vaults:3 | Noticed Boris
 52863 | Vaults:3 | Reached skill level 15 in Armour
 53041 | Vaults:3 | Killed Boris
 53231 | Vaults:3 | Lost mutation: You possess an exceptional clarity of mind. [mutagenic meat]
 53232 | Vaults:3 | Lost mutation: You are resistant to electric shocks. (rElec) [potion of mutation]
 53232 | Vaults:3 | Lost mutation: You have sharp toenails. [potion of mutation]
 53232 | Vaults:3 | Lost mutation: You are agile. (Dex +2) [potion of mutation]
 53232 | Vaults:3 | Lost mutation: Your magical capacity is low. (-10% MP) [potion of mutation]
 53232 | Vaults:3 | Gained mutation: You are frail. (-10% HP) [potion of mutation]
 53232 | Vaults:3 | Gained mutation: You are resistant to electric shocks. (rElec) [potion of mutation]
 53233 | Vaults:3 | Lost mutation: Your natural rate of healing is unusually fast. [potion of mutation]
 53233 | Vaults:3 | Lost mutation: You are frail. (-10% HP) [potion of mutation]
 53233 | Vaults:3 | Lost mutation: You are partially covered in thin metallic scales. (AC +2) [potion of mutation]
 53233 | Vaults:3 | Lost mutation: You are resistant to electric shocks. (rElec) [potion of mutation]
 53233 | Vaults:3 | Gained mutation: You are resistant to hostile enchantments. (MR+) [potion of mutation]
 53233 | Vaults:3 | Gained mutation: Your flesh is heat resistant. (rF+) [potion of mutation]
 53593 | Vaults:3 | Reached XP level 22. HP: 172/178 MP: 34/34
 53632 | Vaults:3 | Received a gift from Okawaru
 53681 | Vaults:3 | Gained mutation: You are partially covered in yellow scales. (AC +2) [mutagenic meat]
 53682 | Vaults:3 | Gained mutation: Your magical capacity is low. (-10% MP) [mutagenic meat]
 53683 | Vaults:3 | Gained mutation: You are partially covered in slimy green scales. (AC +2) [mutagenic meat]
 53684 | Vaults:3 | Lost mutation: You are resistant to hostile enchantments. (MR+) [mutagenic meat]
 53685 | Vaults:3 | Gained mutation: You have a pair of small horns on your head. [mutagenic meat]
 53686 | Vaults:3 | Lost mutation: You have a pair of small horns on your head. [potion of mutation]
 53686 | Vaults:3 | Lost mutation: Your magical capacity is low. (-10% MP) [potion of mutation]
 53686 | Vaults:3 | Lost mutation: You expend magic power (3 MP) to strengthen your wands. [potion of mutation]
 53686 | Vaults:3 | Gained mutation: You have very sharp teeth. [potion of mutation]
 53686 | Vaults:3 | Gained mutation: You have sharp fingernails. [potion of mutation]
 53686 | Vaults:3 | Lost mutation: You are partially covered in yellow scales. (AC +2) [potion of mutation]
 53686 | Vaults:3 | Gained mutation: Your mind is acute. (Int +2) [potion of mutation]
 54100 | Vaults:3 | Received a gift from Okawaru
 54730 | Vaults:4 | Received a gift from Okawaru
 54922 | Vaults:4 | Received a gift from Okawaru
 55189 | Vaults:4 | Reached skill level 15 in Slings
 55220 | Vaults:4 | Found Cicai's Distillery.
 55880 | Vaults:4 | Found Hipp's Antique Armour Emporium.
 55881 | Vaults:4 | Found Ixti's Assorted Antiques.
 55887 | Vaults:4 | Bought a pair of runed gloves for 352 gold pieces
 55902 | Vaults:4 | Bought a glowing shield for 285 gold pieces
 56009 | Vaults:4 | Received a gift from Okawaru
 56550 | Vaults:4 | Found Toqutzucu's Gadget Emporium.
 56657 | Vaults:1 | Reached skill level 1 in Air Magic
 57162 | Elf:1    | Entered Level 1 of the Elven Halls
 57511 | Elf:1    | Reached skill level 5 in Air Magic
 57708 | Elf:1    | Received a gift from Okawaru
 57708 | Elf:1    | Reached XP level 23. HP: 184/184 MP: 28/35
 58610 | Swamp:1  | Entered Level 1 of the Swamp
 59594 | Swamp:2  | Gained mutation: You possess an exceptional clarity of mind. [mutagenic meat]
 59774 | Swamp:2  | Gained mutation: You are occasionally teleported next to monsters. [mutagenic meat]
 59775 | Swamp:2  | Gained mutation: You passively map a small area around you. [mutagenic meat]
 59776 | Swamp:2  | Gained mutation: You are partially covered in thin metallic scales. (AC +2) [mutagenic meat]
 59779 | Swamp:2  | Lost mutation: You passively map a small area around you. [mutagenic meat]
 59781 | Swamp:2  | Lost mutation: You have very sharp teeth. [potion of mutation]
 59781 | Swamp:2  | Lost mutation: You possess an exceptional clarity of mind. [potion of mutation]
 59781 | Swamp:2  | Lost mutation: You have sharp fingernails. [potion of mutation]
 59781 | Swamp:2  | Lost mutation: Your mind is acute. (Int +2) [potion of mutation]
 59781 | Swamp:2  | Gained mutation: You are partially covered in yellow scales. (AC +2) [potion of mutation]
 59781 | Swamp:2  | Gained mutation: Your natural rate of healing is unusually fast. [potion of mutation]
 59782 | Swamp:2  | Lost mutation: Your flesh is heat resistant. (rF+) [potion of mutation]
 59782 | Swamp:2  | Lost mutation: You are occasionally teleported next to monsters. [potion of mutation]
 59782 | Swamp:2  | Lost mutation: You are partially covered in thin metallic scales. (AC +2) [potion of mutation]
 59782 | Swamp:2  | Lost mutation: Your natural rate of healing is unusually fast. [potion of mutation]
 59782 | Swamp:2  | Gained mutation: You are partially covered in molten scales. (AC +2) [potion of mutation]
 60178 | Swamp:2  | Learned a level 5 spell: Aura of Abjuration
 60347 | Swamp:2  | Got a fine hand crossbow
 60348 | Swamp:2  | Identified the +5 hand crossbow "Viaqy" {flame, rC+} (You found it on level 2 of the Swamp)
 60878 | Swamp:3  | Received a gift from Okawaru
 61573 | Swamp:4  | Entered Level 4 of the Swamp
 61891 | Swamp:4  | Received a gift from Okawaru
 61946 | Swamp:4  | Reached skill level 1 in Evocations
 62569 | Swamp:4  | Received a gift from Okawaru
 62969 | Swamp:4  | Reached skill level 5 in Evocations
 63319 | Swamp:4  | Got a decaying rune of Zot
 63618 | D:7      | Fell from the grace of Okawaru
 63618 | D:7      | Became a worshipper of the Shining One
 63793 | D:8      | Killed Grum
 63892 | D:8      | Noticed dscm's ghost (novice GrGl)
 63920 | D:8      | Killed dscm's ghost
 64375 | Depths:1 | Found a one-way gate leading to the halls of Pandemonium.
 64466 | Depths:1 | Gained mutation: Your magical capacity is low. (-10% MP) [mutagenic meat]
 64467 | Depths:1 | Lost mutation: You are partially covered in yellow scales. (AC +2) [mutagenic meat]
 64468 | Depths:1 | Gained mutation: You are somewhat resistant to further mutation. [mutagenic meat]
 64471 | Depths:1 | Gained mutation: You are frail. (-10% HP) [mutagenic meat]
 64475 | Depths:1 | Lost mutation: Your magical capacity is low. (-10% MP) [potion of mutation]
 64475 | Depths:1 | Lost mutation: You are partially covered in slimy green scales. (AC +2) [potion of mutation]
 64475 | Depths:1 | Lost mutation: You are somewhat resistant to further mutation. [potion of mutation]
 64475 | Depths:1 | Gained mutation: Scrolls take you a little longer to read. [potion of mutation]
 64475 | Depths:1 | Gained mutation: You are partially covered in slimy green scales. (AC +2) [potion of mutation]
 64476 | Depths:1 | Lost mutation: Scrolls take you a little longer to read. [potion of mutation]
 64476 | Depths:1 | Lost mutation: You are partially covered in slimy green scales. (AC +2) [potion of mutation]
 64476 | Depths:1 | Lost mutation: You are frail. (-10% HP) [potion of mutation]
 64476 | Depths:1 | Lost mutation: You are partially covered in molten scales. (AC +2) [potion of mutation]
 64476 | Depths:1 | Gained mutation: Your mind is acute. (Int +2) [potion of mutation]
 64476 | Depths:1 | Gained mutation: Scrolls take you a little longer to read. [potion of mutation]
 64476 | Depths:1 | Gained mutation: Armour fits poorly on your strangely shaped body. [potion of mutation]
 64476 | Depths:1 | Gained mutation: You have sharp toenails. [potion of mutation]
 64477 | Depths:1 | Lost mutation: Armour fits poorly on your strangely shaped body. [potion of mutation]
 64477 | Depths:1 | Lost mutation: You have sharp toenails. [potion of mutation]
 64477 | Depths:1 | Lost mutation: Scrolls take you a little longer to read. [potion of mutation]
 64477 | Depths:1 | Lost mutation: Your mind is acute. (Int +2) [potion of mutation]
 64477 | Depths:1 | Gained mutation: Your muscles are strong. (Str +2) [potion of mutation]
 64477 | Depths:1 | Gained mutation: Your muscles are very strong. (Str +4) [potion of mutation]
 64514 | Depths:1 | Noticed Jorgrun
 64564 | Depths:1 | Killed Jorgrun
 65092 | Depths:1 | Reached XP level 24. HP: 191/191 MP: 35/35
 65408 | Depths:2 | Found a gateway to Hell.
 65413 | Depths:2 | Reached * piety under the Shining One
 65486 | Depths:1 | HP: 2/191 [titan/the air[the fury of Okawaru] (12)]
 66147 | Depths:1 | Reached XP level 25. HP: 190/197 MP: 35/35
 66157 | Depths:1 | Gained mutation: Armour fits poorly on your strangely shaped body. [mutagenic meat]
 66158 | Depths:1 | Gained mutation: You possess an exceptional clarity of mind. [mutagenic meat]
 66159 | Depths:1 | Gained mutation: You are frail. (-10% HP) [mutagenic meat]
 66160 | Depths:1 | Gained mutation: You are somewhat resistant to further mutation. [mutagenic meat]
 66163 | Depths:1 | Gained mutation: Potions are less effective at restoring your health. [mutagenic meat]
 66185 | Depths:1 | Lost mutation: You are frail. (-10% HP) [potion of mutation]
 66185 | Depths:1 | Lost mutation: Your muscles are very strong. (Str +4) [potion of mutation]
 66185 | Depths:1 | Lost mutation: Your muscles are strong. (Str +2) [potion of mutation]
 66185 | Depths:1 | Lost mutation: You are somewhat resistant to further mutation. [potion of mutation]
 66185 | Depths:1 | Lost mutation: You possess an exceptional clarity of mind. [potion of mutation]
 66185 | Depths:1 | Gained mutation: Your muscles are strong. (Str +2) [potion of mutation]
 66186 | Depths:1 | Lost mutation: Potions are less effective at restoring your health. [potion of mutation]
 66186 | Depths:1 | Lost mutation: Your muscles are strong. (Str +2) [potion of mutation]
 66186 | Depths:1 | Lost mutation: Armour fits poorly on your strangely shaped body. [potion of mutation]
 66186 | Depths:1 | Gained mutation: Your mind is acute. (Int +2) [potion of mutation]
 66186 | Depths:1 | Gained mutation: You have sharp fingernails. [potion of mutation]
 66778 | Depths:1 | Found a glowing golden altar of the Shining One.
 69751 | Elf:2    | Noticed Aizul
 69775 | Elf:2    | Reached skill level 10 in Evocations
 69818 | Elf:2    | Killed Aizul
 72913 | D:12     | Reached skill level 10 in Invocations
 74167 | Depths:1 | Gained mutation: You are partially covered in yellow scales. (AC +2) [mutagenic meat]
 74819 | D:15     | Killed from afar by a fire giant

Skill      XL: |  1  2  3  4  5  6  7  8  9 10 11 12 13 14 15 16 17 18 19 20 21 22 23 24 25 |
---------------+----------------------------------------------------------------------------+-----
Armour         | 2 3 5 9 11 12 15 16 | 16.0
Fighting       | 3 6 9 10 12 15 16 | 16.2
Slings         | 1 3 6 9 10 12 13 16 | 16.2
Shields        | 4 6 9 10 12 15 | 15.0
Charms         | 5 7 10 | 10.0
Dodging        | 6 8 10 11 13 14 15 | 15.0
Spellcasting   | 5 8 |  8.5
Invocations    | 2 3 7 9 10 | 10.3
Necromancy     | 4 5 |  5.0
Short Blades   | 5 |  5.2
Air Magic      | 5 9 |  9.5
Evocations     | 7 9 10 | 10.0
Long Blades    | |  2.0

Action                   |  1- 3 |  4- 6 |  7- 9 | 10-12 | 13-15 | 16-18 | 19-21 | 22-24 | 25-27 || total
-------------------------+-------+-------+-------+-------+-------+-------+-------+-------+-------++-------
Melee: Falchion          |    56 |    85 |     2 |       |       |       |       |       |       ||   143
       Rapier            |       |       |   163 |   277 |    34 |       |       |       |       ||   474
       Hunting sling     |       |       |       |     1 |       |     1 |     1 |       |       ||     3
       Dagger            |       |       |       |       |   119 |    24 |  1244 |  1712 |   450 ||  3549
       Short sword       |       |       |       |       |       |       |    16 |       |       ||    16
       Bite              |       |       |       |       |       |       |       |    74 |       ||    74
       Unarmed           |       |       |       |       |       |       |       |    13 |       ||    13
 Fire: Hunting sling     |       |   123 |   316 |   589 |  1501 |  3225 |  2881 |  1599 |    69 || 10303
Throw: Stone             |       |       |    16 |    12 |       |    32 |     3 |     3 |       ||    66
 Cast: Infusion          |     9 |     4 |       |       |       |       |       |       |       ||    13
       Song of Slaying   |       |     1 |    27 |    31 |    46 |    86 |    69 |    52 |     7 ||   319
       Regeneration      |       |       |       |     3 |    45 |     3 |    28 |     7 |       ||    86
Invok: Heroism           |       |       |       |     3 |     3 |     3 |    11 |     9 |       ||    29
       Finesse           |       |       |       |       |     1 |     1 |     4 |     8 |       ||    14
 Abil: Evoke Flight      |       |       |       |       |     2 |       |       |       |       ||     2
       Evoke Invisibilit |       |       |       |       |     3 |       |     1 |       |       ||     4
Evoke: Wand              |       |       |       |     6 |       |    13 |    10 |     1 |     4 ||    34
  Use: Scroll            |       |    10 |    10 |    21 |    16 |    14 |     6 |     8 |     1 ||    86
       Potion            |       |     1 |     2 |    12 |     6 |     7 |    11 |    15 |     3 ||    57
 Stab: Invisible         |       |       |       |     2 |     8 |       |       |       |       ||    10
       Distracted        |       |       |       |       |       |       |     1 |       |       ||     1
       Confused          |       |       |       |       |       |       |       |     1 |       ||     1
  Eat: Chunk             |       |     8 |    16 |    19 |    39 |    33 |    40 |    54 |    25 ||   234
       Royal jelly       |       |       |     1 |       |       |       |       |       |     4 ||     5
       Bread ration      |       |       |     1 |     2 |       |       |       |       |       ||     3
       Fruit             |       |       |       |       |    11 |    11 |     4 |    11 |     7 ||    44
       Meat ration       |       |       |       |       |       |       |     1 |       |       ||     1
Armor: Leather armour    |     8 |    11 |       |       |       |       |       |       |       ||    19
       Ring mail         |       |    37 |   104 |   113 |   236 |       |    10 |       |       ||   500
       Skin              |       |       |       |    22 |       |       |       |       |       ||    22
       Scale mail        |       |       |       |       |   115 |       |       |       |       ||   115
       Acid dragon scale |       |       |       |       |    25 |   293 |   316 |       |       ||   634
       Storm dragon scal |       |       |       |       |       |       |   124 |   759 |   129 ||  1012
Dodge: Dodged            |    23 |    83 |   132 |   327 |   537 |   577 |   864 |  1038 |   154 ||  3735
Block: Buckler           |       |    15 |    78 |   145 |   211 |       |       |       |       ||   449
       Shield            |       |       |       |       |   369 |   872 |  1309 |  1579 |   397 ||  4526
       Reflection        |       |       |       |       |       |       |       |    13 |     9 ||    22
       Rpst.: Falchion   |     9 |    19 |       |       |       |       |       |       |       ||    28
